Map: Lightshade LE

Players

Xylophone - Winner!

  • Race: Terran Terran
  • League: Master

SWPro

  • Race: Protoss Protoss
  • League: Master

VOD

https://www.twitch.tv/videos/1148728689

Description

Time

  • Played on: Sept. 14, 2021, 4:39 p.m.
  • Length: 30:35
Show
View Real Time Build Order
Export as new Build Order

Xylophone Terran - Winner!

Build Orders: 2 Factory, Cyclone Opening 

Get SALT Encoding   

  12  0:00  SCV  
  13  0:12  SCV  
  14  0:17  Supply Depot  
  14  0:26  SCV  
  15  0:31  Refinery  
  15  0:39  SCV  
  16  0:45  Barracks  
  16  0:51  SCV  
  17  1:04  SCV  
  18  1:13  Engineering Bay  
  19  1:18  SCV  
  19  1:32  Orbital Command  
  19  1:35  Factory  
  19  1:36  Marine  
  20  1:48  Refinery  
  20  1:52  Supply Depot  
  20  1:54  Marine  
  20  2:01  SCV  
  22  2:13  SCV  
  22  2:14  Marine  
  24  2:23  Bunker  
  24  2:25  SCV  
  24  2:27  Factory Tech Lab  
  25  2:34  Marine  
  25  2:37  SCV  
  26  2:46  Cyclone  
  28  2:53  Marine  
  28  2:55  Engineering Bay  
  29  3:04  SCV  
  30  3:06  Factory  
  30  3:17  Marine  
  31  3:27  Supply Depot  
  30  3:36  Supply Depot  
  30  3:43  Supply Depot  
  30  3:58  Cyclone  
  30  3:59  Factory Tech Lab  
  30  4:01  Marine  
  34  4:15  Missile Turret  
  34  4:18  Mag-Field Accelerator  
  34  4:20  Cyclone  
  35  4:33  Supply Depot  
  35  4:36  Missile Turret  
  35  4:38  Factory Tech Lab  
  35  4:48  SCV  
  35  4:52  Cyclone  
  39  5:00  Cyclone  
  42  5:07  Missile Turret  
  42  5:11  Supply Depot  
  42  5:19  Marine  
  43  5:26  Missile Turret  
  43  5:28  Cyclone  
  46  5:40  Cyclone  
  49  5:48  Marine  
  50  5:54  Supply Depot  
  50  6:01  Cyclone  
  53  6:16  Cyclone  
  52  6:32  Marine  
  49  6:50  Marine  
  50  6:57  Command Center  
  50  7:02  Cyclone  
  50  7:03  Siege Tank  
  50  7:04  SCV  
  55  7:16  SCV  
  55  7:21  Barracks Tech Lab  
  55  7:25  Supply Depot  
  56  7:30  SCV  
  49  7:45  Siege Tank  
  52  7:56  SCV  
  53  8:08  SCV, Siege Tank  
  57  8:18  Orbital Command  
  57  8:21  SCV  
  52  8:30  Siege Tank  
  52  8:42  Barracks Tech Lab  
  52  8:48  Terran Infantry Weapons Level 1  
  52  8:49  SCV  
  52  8:50  Barracks  
  52  8:51  Barracks  
  53  8:57  Siege Tank  
  53  8:58  SCV  
  53  9:01  SCV  
  58  9:09  Marine  
  59  9:10  SCV, Stimpack  
  59  9:13  SCV  
  61  9:22  SCV, Starport  
  62  9:25  SCV  
  62  9:28  Marine  
  62  9:30  Factory Reactor  
  64  9:34  SCV  
  64  9:37  SCV  
  60  9:38  Barracks Reactor  
  60  9:39  Barracks Tech Lab  
  60  9:41  Refinery  
  60  9:46  SCV, Engineering Bay  
  60  9:49  Marine, SCV  
  66  9:59  Marine, SCV  
  65  10:07  Marine  
  65  10:10  Combat Shield  
  65  10:14  Medivac  
  68  10:15  Marine x2  
  68  10:16  Marine  
  68  10:21  Command Center  
  71  10:27  SCV  
  71  10:28  SCV, Refinery  
  73  10:29  Factory Reactor, Supply Depot  
  73  10:30  Marauder, Supply Depot  
  75  10:39  SCV  
  75  10:41  Marine x3  
  79  10:43  Siege Tank  
  79  10:48  Medivac  
  84  10:51  Marine  
  84  10:54  Terran Infantry Armor Level 1  
  84  10:58  Marine x2  
  84  10:59  Marine  
  86  11:06  Medivac  
  86  11:08  Widow Mine  
  86  11:09  Widow Mine  
  92  11:14  Marauder  
  92  11:16  Concussive Shells  
  94  11:19  SCV x2  
  96  11:28  Marine x3  
  99  11:34  Widow Mine x3  
  99  11:35  Marine  
  99  11:39  SCV  
  108  11:40  SCV  
  108  11:45  Armory  
  108  11:47  Engineering Bay  
  108  11:55  Widow Mine x2  
  108  11:56  Widow Mine  
  114  12:01  Marine, Marauder  
  114  12:06  Marine  
  114  12:07  Marauder, Supply Depot  
  120  12:13  Supply Depot  
  120  12:14  Supply Depot  
  120  12:17  SCV x2  
  120  12:19  Marine  
  123  12:23  Marauder  
  123  12:27  Orbital Command  
  123  12:29  SCV  
  130  12:30  Widow Mine x2  
  129  12:42  Marine x2  
  129  12:43  Widow Mine, Marauder  
  135  12:44  Drilling Claws  
  135  12:46  SCV x2  
  133  13:00  Widow Mine x2  
  133  13:03  SCV x3  
  133  13:05  Terran Infantry Weapons Level 2  
  140  13:09  Marine  
  140  13:10  Marine, Marauder x2  
  148  13:20  Widow Mine  
  148  13:22  Ghost Academy  
  148  13:23  Terran Infantry Armor Level 2  
  147  13:38  Command Center  
  140  14:04  Missile Turret  
  140  14:05  Missile Turret  
  140  14:06  Enhanced Shockwaves  
  140  14:07  Missile Turret x2  
  140  14:08  Marine, Missile Turret x3  
  143  14:10  SCV  
  143  14:12  SCV  
  142  14:17  SCV  
  142  14:19  Marine  
  142  14:22  SCV  
  145  14:30  Supply Depot x2  
  145  14:31  Marine, Marauder  
  146  14:36  Unknown  
  145  14:43  Marine  
  148  14:49  Marine  
  150  14:57  Widow Mine x2  
  154  15:00  Barracks  
  154  15:03  Barracks  
  154  15:11  Unknown  
  154  15:16  Sensor Tower  
  154  15:20  Marine x2, Refinery x2  
  154  15:21  Unknown  
  158  15:23  SCV x3  
  158  15:25  Sensor Tower  
  159  15:35  Planetary Fortress, SCV  
  160  15:39  SCV  
  160  15:40  SCV  
  161  15:47  SCV  
  161  15:48  Unknown  
  161  15:49  Missile Turret  
  162  15:52  SCV x2  
  164  15:57  Barracks Tech Lab, Barracks Reactor  
  164  15:59  SCV  
  164  16:02  Refinery  
  164  16:03  Refinery  
  165  16:07  Liberator x2  
  165  16:10  Marine x3  
  176  16:20  Widow Mine x2  
  180  16:33  Missile Turret  
  180  16:37  Supply Depot  
  180  16:38  Unknown, Supply Depot  
  180  16:39  Supply Depot  
  180  16:46  Supply Depot  
  180  16:55  Command Center  
  180  16:59  Liberator  
  180  17:00  Supply Depot  
  175  17:34  Widow Mine x3  
  177  17:49  Barracks  
  177  17:50  Barracks  
  174  17:52  Barracks  
  167  18:06  Marine x3, Marauder x3  
  173  18:18  Marine  
  173  18:19  Medivac x2  
  176  18:21  Orbital Command  
  176  18:27  Marauder x2  
  176  18:28  Marauder  
  177  18:36  Marine  
  177  18:37  Marine  
  176  18:47  Marine x2  
  173  18:49  Marauder x3  
  173  18:50  Barracks Tech Lab  
  173  18:51  Barracks Tech Lab x2  
  166  18:56  Command Center  
  166  19:06  Siege Tank  
  166  19:08  Marine x3  
  166  19:09  Marine x2  
  174  19:10  Marauder x5  
  184  19:26  Marine x2  
  184  19:28  Marauder  
  188  19:31  Marauder x2  
  188  19:36  Marine, Marauder x3  
  199  19:46  Marine  
  199  19:49  Terran Infantry Armor Level 3  
  200  19:59  Siege Tank  
  197  20:04  Factory  
  185  20:13  Factory Tech Lab  
  173  20:30  Marine x3, Marauder x6  
  173  20:31  Siege Tank  
  191  20:38  Orbital Command  
  191  20:39  Marine  
  191  20:41  Siege Tank  
  195  20:48  Marine x2  
  197  20:56  Marine x2, Marauder x2  
  195  21:12  Marauder x2  
  195  21:14  Marauder  
  196  21:19  Unknown  
  196  21:20  Sensor Tower  
  196  21:22  Missile Turret  
  186  21:38  Command Center  
  177  21:42  Marine x3, Marauder x2  
  177  21:43  Marine, Marauder x3  
  176  21:58  Orbital Command  
  176  21:59  Marauder  
  176  22:00  Marine x3  
  169  22:04  Marauder x2  
  179  22:13  Planetary Fortress  
  179  22:17  Refinery  
  179  22:18  Refinery  
  179  22:21  Siege Tank x2  
  179  22:22  Factory Tech Lab  
  185  22:32  Supply Depot  
  185  22:34  Unknown x2, Supply Depot x2  
  185  22:35  Unknown, Supply Depot  
  183  22:48  Missile Turret  
  183  22:51  Missile Turret x2  
  179  23:04  Sensor Tower  
  185  23:05  Marine x2  
  185  23:06  Marine  
  190  23:25  Siege Tank  
  193  23:33  Unknown x2  
  193  23:34  Unknown x3  
  193  23:53  Marauder x3  
  173  24:20  Marine x3, Marauder x6  
  169  24:34  Siege Tank x2  
  169  24:37  Siege Tank  
  178  24:40  Orbital Command  
  175  25:00  Marine x10  
  175  25:01  Viking x2  
  181  25:18  Marine x6  
  185  25:31  Medivac x2  
  189  25:40  Marine x5  
  189  25:41  Marine x5  
  198  25:46  SCV x2  
  200  26:10  Missile Turret  
  192  26:23  Viking x2  
  170  26:26  Marine  
  170  26:27  Marine x6  
  170  26:36  Marine x3  
  173  26:42  Orbital Command  
  173  26:44  Marine  
  174  26:50  Marine x3  
  174  26:53  Viking  
  177  27:01  Marine x6  
  167  27:18  Marine x4  
  167  27:19  Marine x2  
  167  27:21  Marine  
  174  27:28  Medivac  
  176  27:31  Medivac  
  178  27:39  Marine  
  178  27:40  Marine x2  
  181  27:52  Marine x6  
  181  27:57  Orbital Command  
  185  28:08  Marine x4  
  189  28:20  Missile Turret  
  189  28:21  Missile Turret x2  
  189  28:22  Orbital Command  
  189  28:36  Marine  
  188  29:10  Supply Depot  
  188  29:11  Supply Depot  
  188  29:21  Marine  
  188  29:22  Medivac  
  188  29:23  Marauder  
  186  29:29  Marine x4  
  186  29:30  Marine x2  
  187  29:34  SCV x2  
  187  29:35  SCV  
  190  29:45  Marine x4  
  193  29:47  Marine  
  193  29:52  SCV x4  
  199  30:08  Marine  
  200  30:19  Engineering Bay  
  200  30:20  Armory  
Show
View Real Time Build Order
Export as new Build Order

SWPro Protoss 

Build Orders: Proxy Void Ray 

Get SALT Encoding   

  12  0:00  Probe  
  13  0:13  Pylon  
  13  0:16  Probe  
  14  0:31  Gateway  
  14  0:33  Probe (Chrono Boost)  
  16  0:43  Probe (Chrono Boost), Assimilator  
  16  0:48  Assimilator  
  16  0:50  Probe  
  17  1:02  Probe  
  18  1:14  Probe  
  19  1:18  Cybernetics Core  
  19  1:20  Zealot  
  19  1:25  Pylon  
  21  1:29  Probe  
  22  1:41  Probe  
  23  1:52  Adept (Chrono Boost)  
  23  1:53  Probe  
  24  1:54  Stargate  
  26  2:05  Probe  
  27  2:09  Pylon  
  27  2:15  Adept  
  27  2:19  Warp Gate  
  29  2:29  Void Ray (Chrono Boost)  
  29  2:40  Pylon  
  33  2:59  Void Ray (Chrono Boost)  
  33  3:01  Shield Battery  
  33  3:02  Shield Battery  
  37  3:11  Shield Battery  
  37  3:41  Probe  
  32  3:59  Void Ray  
  36  4:13  Shield Battery  
  36  4:23  Shield Battery  
  36  4:28  Nexus, Shield Battery  
  36  4:42  Phoenix  
  38  4:46  Probe  
  38  4:51  Gateway  
  39  4:52  Gateway  
  39  5:08  Phoenix  
  39  5:14  Probe  
  42  5:16  Twilight Council  
  42  5:21  Pylon  
  42  5:33  Phoenix  
  42  5:34  Probe  
  45  5:44  Probe (Chrono Boost)  
  47  5:52  Probe (Chrono Boost)  
  47  5:54  Blink (Chrono Boost)  
  47  5:55  Probe (Chrono Boost)  
  48  5:59  Phoenix  
  48  6:00  Probe x2 (Chrono Boost)  
  52  6:11  Probe  
  50  6:18  Probe  
  50  6:21  Gateway  
  50  6:23  Probe  
  37  6:41  Stalker x3  
  37  6:42  Probe x2  
  37  6:44  Phoenix  
  47  6:52  Shield Battery  
  47  6:54  Shield Battery  
  47  7:05  Pylon  
  47  7:06  Stalker x3  
  53  7:16  Probe  
  53  7:20  Pylon  
  53  7:21  Pylon  
  54  7:23  Stalker  
  56  7:30  Stalker x3  
  56  7:33  Probe  
  56  7:36  Assimilator  
  63  7:37  Pylon  
  57  7:47  Stalker  
  57  7:49  Probe  
  58  7:55  Stalker x2  
  62  7:58  Stalker  
  64  8:09  Nexus  
  64  8:17  Stalker  
  64  8:18  Stalker  
  60  8:40  Probe x2  
  62  8:45  Charge (Chrono Boost)  
  62  8:51  Pylon  
  62  8:52  Probe x2  
  62  8:53  Pylon  
  62  8:54  Stalker x3  
  66  9:04  Probe x2  
  66  9:07  Forge  
  68  9:12  Stalker  
  68  9:16  Probe  
  68  9:17  Probe  
  72  9:20  Robotics Facility  
  72  9:27  Stalker  
  72  9:28  Probe  
  72  9:29  Probe  
  76  9:35  Stalker x2  
  76  9:37  Probe  
  81  9:39  Protoss Ground Weapons Level 1 (Chrono Boost)  
  81  9:41  Assimilator, Probe x2  
  81  9:44  Assimilator  
  83  9:49  Probe  
  84  9:59  Templar Archives  
  84  10:00  Gateway  
  84  10:04  Probe  
  84  10:06  Gateway x2  
  85  10:08  Gateway  
  85  10:12  Probe x2  
  87  10:17  Photon Cannon  
  87  10:28  Observer (Chrono Boost)  
  88  10:40  Zealot x4  
  96  10:45  Probe x2  
  96  10:47  Shield Battery  
  98  10:52  Pylon  
  98  10:54  Pylon  
  98  11:03  Zealot x8, Pylon  
  114  11:10  Pylon, Probe  
  115  11:21  Probe  
  115  11:24  Nexus  
  114  11:29  High Templar x3  
  114  11:30  High Templar x4  
  128  11:39  Archon  
  128  11:40  Archon x2  
  128  11:41  High Templar  
  130  11:48  Pylon  
  130  11:53  Archon  
  130  11:58  Zealot x5  
  130  11:59  Zealot x2  
  144  12:05  Protoss Ground Weapons Level 2 (Chrono Boost)  
  144  12:08  Pylon, Warp Prism  
  144  12:09  Probe  
  144  12:10  Probe  
  144  12:14  Probe  
  149  12:22  Probe  
  150  12:23  Dark Shrine  
  150  12:32  Stalker x7  
  164  12:37  Probe x2  
  164  12:38  Probe  
  167  12:45  Observer  
  167  12:46  Robotics Bay  
  167  13:05  Probe x2  
  167  13:06  Robotics Facility, Observer  
  167  13:10  Assimilator  
  167  13:11  Assimilator  
  167  13:12  Assimilator  
  169  13:17  Photon Cannon  
  169  13:19  Photon Cannon  
  169  13:20  Shield Battery  
  169  13:25  Shield Battery  
  169  13:27  Photon Cannon  
  169  13:39  Dark Templar x4  
  177  13:45  Pylon  
  177  13:47  Pylon  
  177  13:48  Gateway  
  177  13:54  Gateway  
  173  13:55  Gateway  
  173  13:57  Gateway  
  173  13:59  Gateway  
  173  14:09  Disruptor x2 (Chrono Boost)  
  177  14:35  Disruptor (Chrono Boost)  
  177  14:37  Protoss Ground Weapons Level 3 (Chrono Boost)  
  178  14:39  Extended Thermal Lance  
  178  14:41  Gateway  
  178  14:42  Gateway  
  178  14:44  Gateway  
  178  14:46  Gateway  
  178  14:51  Pylon x2  
  178  14:53  Gateway, Pylon  
  178  14:55  Gateway  
  178  15:08  Disruptor x2  
  178  15:11  Nexus  
  183  15:15  Pylon  
  183  15:18  Pylon  
  181  15:45  Forge  
  181  15:52  Forge, Warp Prism (Chrono Boost)  
  181  15:53  Assimilator, Disruptor (Chrono Boost)  
  184  15:58  Assimilator  
  184  16:10  Photon Cannon  
  184  16:12  Photon Cannon  
  184  16:14  Photon Cannon  
  184  16:17  Photon Cannon  
  184  16:19  Photon Cannon  
  184  16:23  Photon Cannon  
  184  16:24  Shield Battery  
  184  16:26  Shield Battery  
  184  16:29  Photon Cannon, Shield Battery  
  184  16:31  Shield Battery, Photon Cannon  
  184  16:38  Nexus, Pylon  
  184  16:40  Gravitic Drive (Chrono Boost), Pylon  
  184  16:43  Protoss Ground Armor Level 1 (Chrono Boost), Protoss Shields Level 1 (Chrono Boost)  
  184  16:56  Assimilator  
  184  16:58  Assimilator  
  184  17:06  Photon Cannon  
  184  17:07  Photon Cannon  
  184  17:09  Photon Cannon  
  184  17:11  Photon Cannon  
  184  17:14  Photon Cannon  
  184  17:15  Photon Cannon  
  184  17:16  Photon Cannon  
  184  17:17  Photon Cannon  
  184  17:20  Shield Battery  
  184  17:22  Pylon, Shield Battery  
  184  17:25  Stargate  
  184  17:26  Shield Battery, Stargate  
  182  17:30  Gravitic Boosters, Shield Battery  
  182  17:34  Shield Battery  
  177  17:41  Stalker x5  
  177  17:42  Stalker  
  178  18:05  Observer x2  
  174  18:20  Shadow Stride  
  174  18:29  Probe x3  
  172  19:08  Photon Cannon  
  172  19:09  Photon Cannon  
  172  19:12  Photon Cannon  
  172  19:13  Photon Cannon, Protoss Ground Armor Level 2 (Chrono Boost)  
  172  19:14  Photon Cannon, Protoss Shields Level 2 (Chrono Boost), Stargate  
  172  19:15  Fleet Beacon  
  172  19:19  Stargate  
  172  19:20  Stargate  
  172  19:24  Cybernetics Core  
  172  19:30  Protoss Air Weapons Level 1 (Chrono Boost)  
  172  19:46  Dark Templar  
  172  19:47  Dark Templar x4  
  163  20:33  Zealot x9  
  163  20:34  Zealot x4  
  189  20:35  Zealot  
  189  20:36  Zealot x4  
  195  20:58  Nexus  
  195  21:01  Pylon  
  195  21:03  Pylon  
  165  21:39  Stalker x4  
  150  21:40  Stalker x9  
  150  21:42  Stalker x3  
  172  21:48  Zealot x3  
  142  22:05  High Templar x12  
  142  22:06  High Templar x4  
  164  22:09  Archon  
  164  22:10  Archon x6  
  164  22:11  Archon  
  162  22:21  Probe x3  
  165  22:24  Photon Cannon  
  165  22:25  Photon Cannon  
  165  22:27  Photon Cannon  
  165  22:28  Dark Templar x3, Shield Battery  
  171  22:30  Shield Battery  
  171  22:55  Carrier (Chrono Boost)  
  171  22:56  Carrier x3 (Chrono Boost)  
  189  23:11  Probe x6  
  193  23:13  Carrier (Chrono Boost)  
  199  23:25  Protoss Air Weapons Level 2 (Chrono Boost)  
  199  23:43  Nexus  
  199  23:47  Pylon  
  198  23:50  Pylon  
  198  24:06  Protoss Air Armor Level 1 (Chrono Boost)  
  170  24:22  Probe x3  
  163  24:25  Carrier (Chrono Boost)  
  163  24:26  Carrier x2 (Chrono Boost)  
  135  24:38  Dark Templar x3  
  123  24:59  Carrier x2 (Chrono Boost)  
  117  25:22  Carrier  
  119  25:53  Nexus  
  119  25:55  Dark Templar  
  100  26:55  Nexus  
  100  27:48  Observer  
Tags
 
Add a new tag
Caveats
  • Supply blocks, unpowered buildings, or Contaminate may cause inaccurate times.
  • Supply counts are checked every 10 seconds.